 Dungeon Crawl Stone Soup version 0.30.0-29-ga12c61a403 (webtiles) character file.

Game seed: 1048387555032600990

11323 GimliDwarf the Nimble (level 11, -1/84 HPs)
             Began as a Gnoll Wanderer on June 19, 2023.
             Was an Initiate of Yredelemnul.
             Slain by a wraith (10 damage)
             ... on level 11 of the Dungeon on June 21, 2023.
             The game lasted 01:02:13 (12218 turns).

GimliDwarf the Nimble (Gnoll Wanderer)             Turns: 12218, Time: 01:02:14

Health: -1/84      AC:  7    Str:  9    XL:     11   Next: 75%
Magic:  31/31      EV: 16    Int: 18    God:    Yredelemnul [......]
Gold:   330        SH:  5    Dex: 15    Spells: 7/24 levels left

rFire   + . .        w - +4 quarterstaff (chaos)
rCold   . . .        (shield currently unavailable)
rNeg    . . .        d - +0 robe
rPois   +            z - +0 helmet
rElec   .            x - +0 cloak
rCorr   .            E - +0 pair of gloves of Uskayaw's Pride {Dex+3}
SInv    .            h - +0 pair of boots
Will    .....        y - amulet of reflection
Stlth   +++          p - ring of poison resistance
HPRegen 0.34/turn    C - ring of magical power
MPRegen 0.22/turn

%: reflection
@: slowed, very slow
A: fangs 1, strong nose, distributed training, claws 1, fire resistance 1, sense
surroundings 1
a: Renounce Religion, Recall Undead Harvest


You were on level 11 of the Dungeon.
You worshipped Yredelemnul.
Yredelemnul was noncommittal.
You visited 2 branches of the dungeon, and saw 12 of its levels.

You collected 508 gold pieces.
You spent 178 gold pieces at shops.

Inventory:

Hand Weapons
 j - a +3 whip of venom
 w - a +4 quarterstaff of chaos (weapon)
 H - a +4 rapier of venom
Missiles
 b - 34 poisoned darts
 l - 4 atropa-tipped darts
 F - a throwing net
Armour
 d - a +0 robe (worn)
 h - a +0 pair of boots (worn)
 x - a +0 cloak (worn)
 z - a +0 helmet (worn)
 E - the +0 pair of gloves of Uskayaw's Pride (worn) {Dex+3}
   (You bought it in a shop on level 7 of the Dungeon)

   Dex:       It affects your dexterity (+3).
Magical Staves
 f - a staff of poison
 m - a staff of cold
Jewellery
 e - an amulet of guardian spirit
 p - a ring of poison resistance (left hand)
 r - a ring of protection from cold
 s - a ring of protection from fire
 y - an amulet of reflection (around neck)
 A - the amulet "Xiefy" {Harm rPois Regen+ Int+2}
   (You found it on level 5 of the Dungeon)

   [amulet of regeneration]

   Int:       It affects your intelligence (+2).
   rPois:     It protects you from poison.
   Regen:     It increases your rate of health regeneration.
   Harm:      It increases damage dealt and taken.
 C - a ring of magical power (right hand)
 L - a ring of ice
Wands
 o - a wand of flame (46)
 q - a wand of iceblast (6)
 u - a wand of charming (16)
Scrolls
 a - 5 scrolls of teleportation
 n - 4 scrolls of amnesia
 t - a scroll of fear
 K - 2 scrolls of poison
Potions
 c - 2 potions of might
 g - 2 potions of heal wounds
 i - 3 potions of curing
 k - 2 potions of berserk rage
 B - a potion of magic
 D - 2 potions of lignification
 G - a potion of brilliance
 I - a potion of cancellation {unknown}
 J - a potion of resistance {unknown}


   Skills:
 + Level 7.4 Fighting
 + Level 6.8 Short Blades
 + Level 6.8 Long Blades
 + Level 6.8 Axes
 + Level 6.8 Maces & Flails
 + Level 6.8 Polearms
 + Level 6.8 Staves
 + Level 6.8 Ranged Weapons
 + Level 8.3 Throwing
 + Level 6.8 Armour
 + Level 8.3 Dodging
 + Level 6.8 Stealth
 + Level 6.8 Shields
 + Level 6.8 Unarmed Combat
 + Level 7.4 Spellcasting
 + Level 5.6 Conjurations
 + Level 5.6 Hexes
 + Level 5.6 Summonings
 + Level 5.6 Necromancy
 + Level 5.6 Translocations
 + Level 8.0 Transmutations
 + Level 5.6 Fire Magic
 + Level 5.6 Ice Magic
 + Level 5.6 Air Magic
 + Level 5.6 Earth Magic
 + Level 6.1 Poison Magic
 + Level 7.5 Invocations
 + Level 6.8 Evocations


You had 7 spell levels left.
You knew the following spells:

 Your Spells              Type           Power      Damage    Failure   Level
a - Sting                 Tmut/Pois      100%       1d8       1%          1
b - Spider Form           Tmut/Pois      32%        N/A       1%          3
c - Mephitic Cloud        Conj/Pois/Air  27%        N/A       2%          3
d - Ice Form              Ice/Tmut       31%        N/A       6%          4
e - Frozen Ramparts       Ice            54%        1d9       3%          3
f - Hailstorm             Conj/Ice       27%        3d7       3%          3

Your spell library contained the following spells:

 Spells                   Type           Power      Damage    Failure   Level
 Freeze                   Ice            100%       1d10      1%          1
 Slow                     Hex            100%       N/A       1%          1
 Confusing Touch          Hex            27%        N/A       3%          3
 Vampiric Draining        Necr           27%        2d7       3%          3


Dungeon Overview and Level Annotations

Branches:
Dungeon (11/15)            Temple (1/1) D:5
   Lair: D:8-11         Orc: D:9-12

Altars:
Ashenzari
Cheibriados
Dithmenos
Elyvilon
Fedhas
Gozag
Hepliaklqana
Kikubaaqudgha
Makhleb
Nemelex Xobeh
Okawaru
Qazlal
Ru
Sif Muna
Trog
Uskayaw
Vehumet
Wu Jian
Xom
Yredelemnul
Zin
The Shining One

Shops:
D:6 [   D:7 *[   D:10 **![

Annotations:
D:6 2 transporters, Sans23's ghost, novice HuWn


Innate Abilities, Weirdness & Mutations

You have very sharp teeth.
Your uncanny sense of smell can sniff out nearby items.
Your experience applies equally to all skills.
You have sharp fingernails.
Your flesh is heat resistant. (rF+)
You passively map a small area around you.


Message History

The wraith closely misses you. The wraith misses you.
You barely miss the wraith.
The wraith is severely damaged.
The wraith barely misses you. The wraith misses you.
You thump the wraith!
The wraith is almost destroyed.
The wraith hits you! The wraith drains your vigour!
You feel as though you will be slow longer.
The wraith hits you!! The wraith misses you.
You hit the wraith but do no damage.
The wraith is almost destroyed.
The wraith closely misses you. The wraith hits you but does no damage.
You hit the wraith but do no damage. You bite the wraith, but do no damage.
The wraith is almost destroyed.
The wraith barely misses you. The wraith hits you!
The wraith drains your vigour!
You feel as though you will be slow longer.
You hit the wraith.
The wraith suddenly seems more agile.
The wraith is almost destroyed.
The wraith barely misses you. The wraith closely misses you.
You completely miss the wraith. You bite the wraith, but do no damage.
The wraith is almost destroyed.
The wraith hits you!
* * * LOW HITPOINT WARNING * * *
The wraith drains your vigour!
You feel as though you will be slow longer.
You block the wraith's attack. The wraith barely misses you.
The wraith hits you!
* * * LOW HITPOINT WARNING * * *
The wraith drains your vigour!
You feel as though you will be slow longer.
The wraith hits you but does no damage. The wraith hits you.
* * * LOW HITPOINT WARNING * * *
The wraith drains your vigour!
You feel as though you will be slow longer.
You block the wraith's attack. The wraith attacks as you move away!
The wraith hits you!
You die...
Your body rises from the dead as a mindless zombie.

############# *
#............,
###........... ,
#######.........### **
#<..............#########
#######........>.........
#####.##..........#
#.##....~~~...#
#@##..........#
#W##......~...# *
#######.#..........?#
....................#
##......#.........).#
#......#...........#
#......#............, , *
#......#...........
#......#.#.####### ,


You could see a wraith (fast, strong, agile, resistant).

Vanquished Creatures
  Josephine (D:10)
  2 two-headed ogres
  2 lindwurms (D:9)
  Joseph (D:8)
  A troll (D:10)
  A hornet (D:9)
  Grinder (D:3)
  Sigmund (D:3)
  3 wraiths (D:10)
  Eustachio (D:4)
  A wyvern (D:9)
  7 yaks
  2 steam dragons
  Edmund (D:4)
  A sky beast (D:6)
  A black bear (D:4)
  2 ice beasts
  2 orc warriors
  3 centaurs
  2 kobold brigands (D:9)
  6 scorpions
  2 bullfrogs
  10 wights
  4 killer bees (D:7)
  4 howler monkeys (D:8)
  Crazy Yiuf (D:3)
  A gnoll bouda (D:5)
  A sleepcap (D:5)
  3 orc priests
  2 hounds
  3 jellies
  Ijyb (D:4)
  Natasha (thrice) (D:3)
  4 iguanas
  6 orc wizards
  7 gnolls
  8 adders
  2 white imps
  An ufetubus (D:4)
  A worm (D:2)
  4 dart slugs
  28 orcs
  8 bats
  6 endoplasms
  4 giant cockroaches
  2 goblins (D:1)
  4 hobgoblins
  24 kobolds
  3 quokkas
  9 ball pythons
  A frilled lizard (D:2)
  A rat (D:2)
200 creatures vanquished.

Vanquished Creatures (collateral kills)
  2 lindwurms (D:9)
  2 yaks
  3 wraiths (D:10)
  A bullfrog (D:9)
  A scorpion (D:7)
  6 wights
  A killer bee (D:7)
  A howler monkey (D:5)
  An orc priest (D:6)
  A sleepcap (D:8)
  A gnoll (D:5)
  An orc (D:8)
  2 kobolds (D:9)
23 creatures vanquished.

Vanquished Creatures (others)
  A hornet zombie (D:9)
  A wyvern zombie (D:9)
  2 wights (D:7)
  2 yak zombies (D:10)
  A bullfrog zombie (D:8)
  2 scorpion zombies (D:7)
  2 killer bee zombies (D:7)
  A howler monkey zombie (D:8)
  A steam dragon zombie (D:8)
  A jelly zombie (D:7)
  A spectral white imp (D:7)
  An adder zombie (D:6)
  A kobold zombie (D:9)
  5 orc zombies
22 creatures vanquished.

Grand Total: 245 creatures vanquished

Notes
Turn   | Place    | Note
-------+----------+-------------------------------------------
     0 | D:1      | GimliDwarf the Gnoll Wanderer began the quest for the Orb.
     0 | D:1      | GimliDwarf set off with the following items: a +0 dagger,
                  | 13 poisoned darts, a potion of might, a +0 robe; and the
                  | following spells available to memorise: Sting, Spider Form,
                  | Mephitic Cloud, Ice Form.
     0 | D:1      | Reached XP level 1. HP: 17/17 MP: 4/4
     2 | D:1      | Learned a level 1 spell: Sting
   224 | D:1      | Reached XP level 2. HP: 23/23 MP: 3/5
   655 | D:1      | You fall into a shaft and drop 1 floor!
   726 | D:1      | Reached XP level 3. HP: 28/28 MP: 4/7
   929 | D:1      | Reached skill level 1 in Invocations
  1134 | D:2      | Reached skill level 1 in Short Blades
  1134 | D:2      | Reached skill level 1 in Long Blades
  1134 | D:2      | Reached skill level 1 in Axes
  1134 | D:2      | Reached skill level 1 in Maces & Flails
  1134 | D:2      | Reached skill level 1 in Polearms
  1134 | D:2      | Reached skill level 1 in Staves
  1134 | D:2      | Reached skill level 1 in Ranged Weapons
  1134 | D:2      | Reached skill level 1 in Armour
  1134 | D:2      | Reached skill level 1 in Stealth
  1134 | D:2      | Reached skill level 1 in Shields
  1134 | D:2      | Reached skill level 1 in Unarmed Combat
  1134 | D:2      | Reached skill level 1 in Evocations
  1148 | D:1      | Learned a level 3 spell: Spider Form
  1196 | D:2      | Reached skill level 1 in Conjurations
  1196 | D:2      | Reached skill level 1 in Hexes
  1196 | D:2      | Reached skill level 1 in Summonings
  1196 | D:2      | Reached skill level 1 in Necromancy
  1196 | D:2      | Reached skill level 1 in Translocations
  1196 | D:2      | Reached skill level 1 in Fire Magic
  1196 | D:2      | Reached skill level 1 in Ice Magic
  1196 | D:2      | Reached skill level 1 in Air Magic
  1196 | D:2      | Reached skill level 1 in Earth Magic
  1196 | D:2      | Reached XP level 4. HP: 13/34 MP: 1/8
  1431 | D:2      | Found a glowing silver altar of Zin.
  1817 | D:3      | Noticed Sigmund
  1986 | D:3      | Noticed Natasha
  1999 | D:3      | Killed Natasha
  2000 | D:3      | Reached XP level 5. HP: 37/40 MP: 6/9
  2142 | D:3      | Noticed Natasha
  2149 | D:3      | Killed Natasha
  2205 | D:3      | Killed Sigmund
  2206 | D:3      | Reached skill level 5 in Throwing
  2206 | D:3      | Reached skill level 5 in Dodging
  2206 | D:3      | Reached XP level 6. HP: 35/47 MP: 4/11
  2245 | D:3      | Noticed Grinder
  2329 | D:3      | Found a runed translucent door.
  2330 | D:3      | Noticed Crazy Yiuf
  2358 | D:3      | Noticed Natasha
  2371 | D:3      | Killed Natasha
  2558 | D:3      | Paralysed by Grinder for 4 turns
  2581 | D:3      | Paralysed by Grinder for 3 turns
  2757 | D:3      | Paralysed by Grinder for 2 turns
  2765 | D:3      | Killed Grinder
  2766 | D:3      | Reached XP level 7. HP: 39/53 MP: 8/12
  3018 | D:3      | Killed Crazy Yiuf
  3160 | D:3      | Learned a level 3 spell: Mephitic Cloud
  3165 | D:3      | Learned a level 4 spell: Ice Form
  3223 | D:4      | Identified a scroll of acquirement
  3223 | D:4      | Acquired a staff of poison
  3384 | D:4      | Noticed Edmund
  3403 | D:4      | Killed Edmund
  3691 | D:4      | Noticed Eustachio
  3721 | D:4      | Killed Eustachio
  3722 | D:4      | Reached XP level 8. HP: 49/60 MP: 5/14
  3856 | D:4      | Noticed Ijyb
  3865 | D:4      | Killed Ijyb
  4524 | D:5      | Entered Level 5 of the Dungeon
  4886 | D:5      | Found a staircase to the Ecumenical Temple.
  4900 | D:5      | Reached XP level 9. HP: 60/66 MP: 12/16
  4918 | Temple   | Entered the Ecumenical Temple
  5154 | Temple   | Became a worshipper of Yredelemnul the Dark
  5458 | D:5      | Found a glowing silver altar of Zin.
  5459 | D:5      | Found an ancient bone altar of Kikubaaqudgha.
  5459 | D:5      | Found a shadowy altar of Dithmenos.
  5468 | D:5      | Reached skill level 5 in Spellcasting
  5620 | D:5      | Reached * piety under Yredelemnul
  5862 | D:5      | Identified the amulet "Xiefy" {Harm rPois Regen+ Int+2}
  5904 | D:5      | Learned a level 3 spell: Frozen Ramparts
  5930 | D:6      | Found Ykheuc's Antique Armour Emporium.
  5946 | D:6      | Found a transporter.
  5946 | D:6      | Noticed Sans23's ghost (novice HuWn)
  5965 | D:6      | Found a transporter.
  6456 | D:6      | Reached skill level 5 in Fighting
  6655 | D:6      | Reached ** piety under Yredelemnul
  6701 | D:6      | Reached skill level 5 in Invocations
  6970 | D:6      | Reached *** piety under Yredelemnul
  7124 | D:6      | Reached **** piety under Yredelemnul
  7435 | D:6      | Learned a level 3 spell: Hailstorm
  7742 | D:7      | Found Lireqily's Neck Hole.
  7784 | D:7      | Reached skill level 5 in Short Blades
  7784 | D:7      | Reached skill level 5 in Long Blades
  7784 | D:7      | Reached skill level 5 in Axes
  7784 | D:7      | Reached skill level 5 in Maces & Flails
  7784 | D:7      | Reached skill level 5 in Polearms
  7784 | D:7      | Reached skill level 5 in Staves
  7784 | D:7      | Reached skill level 5 in Ranged Weapons
  7784 | D:7      | Reached skill level 5 in Armour
  7784 | D:7      | Reached skill level 5 in Stealth
  7784 | D:7      | Reached skill level 5 in Shields
  7784 | D:7      | Reached skill level 5 in Unarmed Combat
  7784 | D:7      | Reached skill level 5 in Evocations
  7937 | D:7      | Reached XP level 10. HP: 76/76 MP: 18/18
  8013 | D:7      | Found Gorir's Armour Shoppe.
  8057 | D:7      | Bought the +0 pair of gloves of Uskayaw's Pride {Dex+3} for
                  | 178 gold pieces
  8383 | D:8      | Found a blossoming altar of Fedhas.
  8557 | D:8      | Noticed Joseph
  8577 | D:8      | Killed Joseph
  8600 | D:7      | Reached skill level 5 in Poison Magic
  9515 | D:9      | Noticed a two-headed ogre
  9529 | D:9      | Killed a two-headed ogre
  9816 | D:9      | Noticed a lindwurm
 10425 | D:9      | Noticed a lindwurm
 10442 | D:9      | Noticed a lindwurm
 10443 | D:9      | Noticed a lindwurm
 10451 | D:9      | Killed a lindwurm
 10452 | D:9      | Reached skill level 5 in Conjurations
 10452 | D:9      | Reached skill level 5 in Hexes
 10452 | D:9      | Reached skill level 5 in Summonings
 10452 | D:9      | Reached skill level 5 in Necromancy
 10452 | D:9      | Reached skill level 5 in Translocations
 10452 | D:9      | Reached skill level 5 in Fire Magic
 10452 | D:9      | Reached skill level 5 in Ice Magic
 10452 | D:9      | Reached skill level 5 in Air Magic
 10452 | D:9      | Reached skill level 5 in Earth Magic
 10452 | D:9      | Reached XP level 11. HP: 35/83 MP: 21/21
 10457 | D:9      | Killed a lindwurm
 10847 | D:9      | Gained mutation: You have sharp fingernails. [potion of
                  | mutation]
 10847 | D:9      | Gained mutation: You passively map a small area around you.
                  | [potion of mutation]
 10847 | D:9      | Gained mutation: Your flesh is heat resistant. (rF+)
                  | [potion of mutation]
 10857 | D:9      | Killed a lindwurm
 10858 | D:9      | Killed a lindwurm
 10914 | D:10     | Entered Level 10 of the Dungeon
 11164 | D:10     | Found Dikhle's Armour Shop.
 11569 | D:10     | Noticed Josephine
 11571 | D:10     | Noticed a two-headed ogre
 11591 | D:10     | Killed a two-headed ogre
 11661 | D:10     | Killed Josephine
 11754 | D:10     | Found Poifaav's Fire Supplies.
 11776 | D:10     | Found Paluq's General Store.
 11803 | D:10     | Found Zepreb's Distillery.
 12218 | D:11     | Slain by a wraith

Illustrated notes

Levels and vault maps discovered:
D:1:      ebering_trefoil_3fold, layout_basic, chequers_serial_rivers_micro_d,
          columned_hall_lemuel, minmay_misc_feat_nine_boxes
D:2:      layout_rooms, basic_altar, corner_web_ring
D:3:      layout_rooms, uniq_natasha, uniq_crazy_yiuf_cottage, uniq_grinder,
          uniq_sigmund
D:4:      layout_basic, minmay_quantized, uniq_edmund, uniq_eustachio, uniq_ijyb
D:5:      layout_basic, chequers_temple_overflow_statue_of_worship,
          minmay_temple_entry_statues_fountains, kennysheep_crisscross
D:6:      layout_basic, gammafunk_ghost_arena, serial_shops, nicolae_shop_stone
D:7:      layout_rooms, serial_curves, eino_curves_03, eino_curves_01,
          serial_shops, shop, nicolae_shop_sticking_my_neck_out
D:8:      layout_rooms, fedhas_bush_and_centaur_altar, nrook_mini_backslash,
          kennysheep_nondescript, uniq_joseph
D:9:      layout_basic, minmay_lindwurm_lava
D:10:     layout_roguey, serial_shops, nicolae_lakefront_shop,
          nicolae_shop_peninsula, shop, nicolae_shop_fire_sale
          [nicolae_sub_dead_trees], uniq_josephine
D:11:     layout_basic, dpeg_oklobed_lair
Temple:   eino_narrow_crystal_temple

Skill      XL: |  1  2  3  4  5  6  7  8  9 10 11 |
---------------+----------------------------------+-----
Poison Magic   | 2 3 4 5 6 |  6.1
Invocations    | 1 2 3 4 5 6 7 |  7.5
Short Blades   | 1 2 3 5 6 |  6.8
Long Blades    | 1 2 3 5 6 |  6.8
Axes           | 1 2 3 5 6 |  6.8
Maces & Flails | 1 2 3 5 6 |  6.8
Polearms       | 1 2 3 5 6 |  6.8
Staves         | 1 2 3 5 6 |  6.8
Ranged Weapons | 1 2 3 5 6 |  6.8
Armour         | 1 2 3 5 6 |  6.8
Stealth        | 1 2 3 5 6 |  6.8
Shields        | 1 2 3 5 6 |  6.8
Unarmed Combat | 1 2 3 5 6 |  6.8
Evocations     | 1 2 3 5 6 |  6.8
Spellcasting   | 3 4 5 6 7 |  7.4
Conjurations   | 1 2 3 4 5 |  5.6
Hexes          | 1 2 3 4 5 |  5.6
Summonings     | 1 2 3 4 5 |  5.6
Necromancy     | 1 2 3 4 5 |  5.6
Translocations | 1 2 3 4 5 |  5.6
Fire Magic     | 1 2 3 4 5 |  5.6
Ice Magic      | 1 2 3 4 5 |  5.6
Air Magic      | 1 2 3 4 5 |  5.6
Earth Magic    | 1 2 3 4 5 |  5.6
Fighting       | 3 4 5 6 7 |  7.4
Throwing       | 5 6 7 8 |  8.3
Dodging        | 5 6 7 8 |  8.3
Transmutations | 6 7 8 |  8.0

Action                     |  1- 3 |  4- 6 |  7- 9 | 10-12 || total
---------------------------+-------+-------+-------+-------++-------
  Melee: Dagger            |     4 |       |       |       ||     4
         Whip              |    13 |    35 |     1 |       ||    49
         Bite              |     1 |     4 |    17 |    19 ||    41
         Punch             |     1 |       |     2 |     3 ||     6
         Unarmed           |       |     4 |    55 |    78 ||   137
         Staff             |       |       |   103 |    45 ||   148
         Quarterstaff      |       |       |    10 |    43 ||    53
  Throw: Dart              |    56 |    35 |    25 |       ||   116
   Cast: Sting             |    38 |    52 |   126 |    55 ||   271
         Spider Form       |       |     1 |     1 |     2 ||     4
         Mephitic Cloud    |       |       |    13 |    25 ||    38
         Ice Form          |       |       |     7 |     8 ||    15
         Frozen Ramparts   |       |       |     2 |    14 ||    16
         Hailstorm         |       |       |       |     2 ||     2
  Evoke: Wand              |       |       |     7 |     1 ||     8
    Use: Scroll            |       |       |    11 |    11 ||    22
         Potion            |       |       |     1 |     3 ||     4
   Stab: Confused          |       |       |     5 |     4 ||     9
         Sleeping          |       |       |       |     1 ||     1
 Armour: Robe              |    11 |     7 |    32 |    22 ||    72
         Skin              |       |       |    18 |    17 ||    35
  Dodge: Dodged            |    23 |    21 |   145 |   118 ||   307
  Block: Other             |       |       |    13 |    43 ||    56
         Reflection        |       |       |       |     1 ||     1
